 Dungeon Crawl Stone Soup version 0.31.0-11-ge490571c62 (console) character file.

Game seed: 11572460480766079710

1045 Banquo the Magician (level 8, -6/60 HPs)
             Began as a Djinni Air Elementalist on Feb 7, 2024.
             Was an Initiate of Makhleb.
             Killed by divine providence
             ... invoked by an orc priest
              (13 damage)
             ... on level 6 of the Dungeon.
             The game lasted 00:13:58 (6033 turns).

Banquo the Magician (Djinni Air Elementalist)       Turns: 6033, Time: 00:13:59

Health: -6/60      AC:  5    Str:  7    XL:     8   Next: 50%
Gold:   173        EV: 12    Int: 20    God:    Makhleb [......] SH:  5 Dex: 13

rFire   + + .        m - +0 dagger (venom)
rCold   x . .        (no shield)
rNeg    . . .        a - +0 robe
rPois   ∞            c - +1 helmet {SInv}
rElec   .            (no cloak)
rCorr   .            h - +0 pair of gloves
SInv    +            (boots unavailable)
Will    .....        y - amulet of reflection
Stlth   ++           K - +4 ring of slaying
HPRegen 0.30/turn    (no ring)
MPRegen 0.00/turn

%: reflection, infuse magic (-7 HP)
@: flying
A: sickness immunity, fire resistance 2, cold vulnerability 1, float, innate
caster, HP casting, extra vitality 1
a: Renounce Religion


You were on level 6 of the Dungeon.
You worshipped Makhleb.
Makhleb was noncommittal.
You visited 2 branches of the dungeon, and saw 7 of its levels.

You collected 173 gold pieces.

Inventory:

Hand Weapons
 m - a +0 dagger of venom (weapon)
 x - a +1 mace of holy wrath
Missiles
 e - 77 stones
Armour
 a - a +0 robe (worn)
 c - a +1 helmet of see invisible (worn)
 h - a +0 pair of gloves (worn)
Magical Staves
 g - a staff of earth
Jewellery
 y - an amulet of reflection (around neck)
 K - a +4 ring of slaying (left hand)
Wands
 p - a wand of mindburst (15)
 u - a wand of paralysis (1)
 v - a wand of flame (16)
Scrolls
 b - 6 scrolls of identify {unknown}
 d - a scroll of blinking {unknown}
 i - a scroll of amnesia {unknown}
 j - 3 scrolls of vulnerability {unknown}
 k - a scroll of teleportation {unknown}
 l - a scroll of fear {unknown}
 o - 2 scrolls of fog {unknown}
 s - a scroll of enchant armour {unknown}
Potions
 f - a potion of enlightenment {unknown}
 n - a potion of brilliance {unknown}
 q - a potion of cancellation {unknown}
 r - 2 potions of might {unknown}
 t - a potion of resistance {unknown}
 w - a potion of heal wounds {unknown}


   Skills:
 * Level 5.6 Fighting
 * Level 1.3 Armour
 * Level 2.8 Dodging
 - Level 1.5 Stealth
 * Level 6.0 Spellcasting
 * Level 6.0 Conjurations
 * Level 6.0 Hexes
 * Level 6.0 Summonings
 * Level 6.0 Necromancy
 * Level 6.0 Translocations
 * Level 6.0 Fire Magic
 * Level 6.0 Ice Magic
 * Level 6.0 Air Magic
 * Level 6.0 Earth Magic
 * Level 6.0 Alchemy
 * Level 1.3 Invocations


You knew the following spells:

 Your Spells              Type           Power      Damage    Failure   Level
a - Shock                 Conj/Air       100%       1d9       1%          1
c - Mercury Vapours       Alch/Air       60%        N/A       1%          2
d - Static Discharge      Conj/Air       60%        3-6/arc   1%          2
e - Sandblast             Erth           60%        2d14      1%          1
r - Searing Ray           Conj           60%        2d6       1%          2
z - Airstrike             Air            15%        2d(3-19)  9%          4
M - Swiftness             Air            30%        N/A       2%          3
Your spell library was empty.

Dungeon Overview and Level Annotations

Branches:
Dungeon (6/15)             Temple (1/1) D:5

Altars:
Ashenzari
Cheibriados
Dithmenos
Elyvilon
Fedhas
Makhleb
Nemelex Xobeh
Okawaru
Uskayaw
Wu Jian
Xom
Yredelemnul
Zin
The Shining One

Annotations:
D:6 1 transporter, Swimmer's ghost, novice MiFi


Innate Abilities, Weirdness & Mutations

You are immune to sickness and miasma.
You are immune to poison.
Your flesh is very heat resistant. (rF++)
You are vulnerable to cold. (rC-)
You float through the air rather than walking.
You learn spells naturally, not from books.
Your magical power is your life essence.
You have superior vitality. (+4 MHP)


Message History

The orc priest is moderately wounded.
The air twists around and strikes the orc priest!
The orc priest is almost dead.
The orc priest misses you.
The air twists around and strikes the orc priest!
You kill the orc priest!
Makhleb accepts your kill. The orc hits you with a +0 short sword.
You are too injured to fight recklessly!
You barely miss the orc.
You hear the slow rusting of a very distant drain.
The orc hits you with a +0 short sword.
You hit the orc.
The orc is poisoned.
The orc is heavily wounded.
You kill the orc!
Makhleb accepts your kill.
The orc priest mumbles some strange prayers to Beogh against you.
Beogh smites you!
* * * LOW HITPOINT WARNING * * *
Casting: Airstrike (dangerous; 9% risk of failure)
Confirm with . or Enter, or press ? or * to list all spells.
Aiming: Airstrike (dangerous; 9% risk of failure)
Press: ? - help, Dir - move target, f - orc priest
Aim: an orc priest, wielding a +0 dagger (empty space bonus: 4/8)
The air twists around and strikes the orc priest!
The orc priest is severely wounded.
* * * LOW HITPOINT WARNING * * *
Unknown command.
You hit the orc.
The orc is poisoned.
The orc is severely wounded.
The orc hits you with a +0 short sword.
* * * LOW HITPOINT WARNING * * *
You hit the orc.
The orc is almost dead.
You hit the orc.
You kill the orc!
Makhleb accepts your kill.
The orc priest invokes the aid of Beogh against you.
Beogh smites you!
You die...

.. .. #.# #.###.. #. o.
#.# #.†.... ...o #.#
#..#... .#. ######.# #..#
#. .. #...##.####..# # #.
#...#........#
#..#.#####............#
#......)...............>..
##.#...o.@.......#.....(..
####..).......###..####
####............#
#...########## #...# #####


You could see an orc priest.

Vanquished Creatures
  3 black bears
  A centaur (D:5)
  Blork the orc (D:4)
  A scorpion (D:4)
  A howler monkey (D:5)
  4 hounds
  A bombardier beetle (D:5)
  2 orc priests
  2 iguanas (D:4)
  An orc wizard (D:4)
  7 adders
  4 gnolls (D:5)
  4 dart slugs
  4 ribbon worms (D:2)
  25 orcs
  7 bats
  7 endoplasms
  3 giant cockroaches
  5 goblins
  4 hobgoblins
  4 jackals (D:1)
  9 kobolds
  6 quokkas
  6 ball pythons
  A frilled lizard (D:1)
  4 rats
117 creatures vanquished.

Notes
Turn   | Place    | Note
-------+----------+-------------------------------------------
     0 | D:1      | Banquo the Djinni Air Elementalist began the quest for the
                  | Orb.
     0 | D:1      | Banquo set off with the following spells memorised: Shock,
                  | Static Discharge, Swiftness, Airstrike.
     0 | D:1      | Reached XP level 1. HP: 15/15 MP: 0/0
    53 | D:1      | Reached XP level 2. HP: 19/22 MP: 0/0
    86 | D:1      | Reached skill level 1 in Fighting
   313 | D:1      | Reached XP level 3. HP: 22/27 MP: 0/0
   313 | D:1      | Learned a level 1 spell: Sandblast
   637 | D:1      | Found a faded altar of an unknown god.
   955 | D:2      | Reached XP level 4. HP: 25/33 MP: 0/0
  2048 | D:3      | Reached XP level 5. HP: 38/39 MP: 0/0
  2048 | D:3      | Learned a level 2 spell: Searing Ray
  2067 | D:3      | Found a snail-covered altar of Cheibriados.
  2712 | D:4      | Noticed a black bear
  2773 | D:4      | Killed a black bear
  2774 | D:4      | Reached XP level 6. HP: 37/47 MP: 0/0
  3063 | D:4      | Noticed Blork the orc
  3216 | D:4      | Killed Blork the orc
  3217 | D:4      | Reached skill level 5 in Spellcasting
  3217 | D:4      | Reached skill level 5 in Conjurations
  3217 | D:4      | Reached skill level 5 in Hexes
  3217 | D:4      | Reached skill level 5 in Summonings
  3217 | D:4      | Reached skill level 5 in Necromancy
  3217 | D:4      | Reached skill level 5 in Translocations
  3217 | D:4      | Reached skill level 5 in Fire Magic
  3217 | D:4      | Reached skill level 5 in Ice Magic
  3217 | D:4      | Reached skill level 5 in Air Magic
  3217 | D:4      | Reached skill level 5 in Earth Magic
  3217 | D:4      | Reached skill level 5 in Alchemy
  3217 | D:4      | Reached XP level 7. HP: 38/52 MP: 0/0
  3217 | D:4      | Learned a level 2 spell: Mercury Vapours
  4080 | D:5      | Entered Level 5 of the Dungeon
  4160 | D:5      | Found an ornate altar of the Wu Jian Council.
  4516 | D:5      | Reached skill level 5 in Fighting
  4648 | D:5      | Reached XP level 8. HP: 55/59 MP: 0/0
  5164 | D:5      | Found a staircase to the Ecumenical Temple.
  5171 | Temple   | Entered the Ecumenical Temple
  5194 | Temple   | Became a worshipper of Makhleb the Destroyer
  5379 | D:5      | Found an ornate altar of the Wu Jian Council.
  5518 | D:5      | Found a staircase to the Ecumenical Temple.
  5926 | D:6      | Found a transporter.
  5929 | D:6      | Noticed Swimmer's ghost (novice MiFi)
  5950 | D:6      | Reached skill level 1 in Armour
  5950 | D:6      | Reached skill level 1 in Invocations
  6033 | D:6      | Killed from afar by an orc priest

Illustrated notes

Levels and vault maps discovered:
D:1:      tarquinn_simple_flora_water_c, layout_basic,
          ebering_ecumenical_altar_webs, chequers_serial_rivers_micro_d,
          amcnicky_mini_pool_small
D:2:      layout_loops_cross
D:3:      layout_basic, old_standard_altar
D:4:      layout_loops_corners, nrook_uturn, uniq_blork_the_orc
D:5:      layout_loops_ring, nicolae_wu_jian_wuxing_cycle, temple_statues,
          minmay_tree_intersection
D:6:      layout_loops_ring, mainiacjoe_overflow_six_doors_small,
          gammafunk_ghost_stat_death, cheibrodos_sewer_entry_bend, sigmund_army
Temple:   minmay_temple_curvy_branch

Skill      XL: |  1  2  3  4  5  6  7  8 |
---------------+-------------------------+-----
Fighting       | 1 2 3 4 5 |  5.6
Spellcasting   | 4 5 6 |  6.0
Conjurations   | 4 5 6 |  6.0
Hexes          | 4 5 6 |  6.0
Summonings     | 4 5 6 |  6.0
Necromancy     | 4 5 6 |  6.0
Translocations | 4 5 6 |  6.0
Fire Magic     | 4 5 6 |  6.0
Ice Magic      | 4 5 6 |  6.0
Air Magic      | 4 5 6 |  6.0
Earth Magic    | 4 5 6 |  6.0
Alchemy        | 4 5 6 |  6.0
Armour         | 1 |  1.3
Invocations    | 1 |  1.3
Dodging        | |  2.8
Stealth        | |  1.5

Action                     |  1- 3 |  4- 6 |  7- 9 || total
---------------------------+-------+-------+-------++-------
  Melee: Dagger            |       |       |     5 ||     5
   Cast: Shock             |    70 |    86 |    60 ||   216
         Static Discharge  |     1 |     4 |       ||     5
         Searing Ray       |       |     9 |     4 ||    13
         Airstrike         |       |     4 |    29 ||    33
         Mercury Vapours   |       |       |     2 ||     2
         Sandblast         |       |       |     1 ||     1
 Armour: Robe              |     7 |    22 |    18 ||    47
  Dodge: Dodged            |    11 |    14 |    12 ||    37
  Block: Other             |       |       |     1 ||     1
